 Dungeon Crawl Stone Soup version bcrawl-1.21.3 (webtiles) character file.

Game seed: 1119648379331080456

5265 funkygono the Thaumaturge (level 10, -7/56 HPs)
             Began as a Fairy Conjurer on Apr 5, 2020.
             Mangled by an orc warrior
             ... wielding a cursed +0 trident
              (18 damage)
             ... in a bailey.
             The game lasted 00:20:11 (6684 turns).

funkygono the Thaumaturge (Fairy Conjurer)          Turns: 6684, Time: 00:20:12

Health: -7/56      AC: 10    Str:  6    XL:     10   Next: 62%
Magic:  10/28      EV: 19    Int: 19    God:
Gold:   390        SH: 14    Dex: 13    Spells: 26/33 levels left

rFire    . . .     SeeInvis .   k - +1 dagger (speed)
rCold    . . .     Gourm    .   z - +2 buckler
rNeg     . . .     Faith    .   (armour unavailable)
rPois    .         Spirit   .   n - +0 helmet
rElec    .         Reflect  .   w - +0 cloak {+Inv}
rCorr    .         Harm     .   o - +1 pair of gloves
MR       +....                  (no boots)
Stlth    +.........             d - amulet of regeneration
HPRegen  0.58/turn              y - -3 ring of intelligence (curse)
MPRegen  0.21/turn              s - +1 ring of evasion (curse)

@: flying evasively
A: small, magic attunement, unstealthy, unfitting armour, able to fly, AC/SH +6
a: Stop Flying, Evoke Invisibility


You were in a bailey.
You were not hungry.

You visited 1 branch of the dungeon, and saw 7 of its levels.
You also visited: Bailey.

You collected 390 gold pieces.

Inventory:

Hand Weapons
 k - a +1 dagger of speed (weapon)
 m - a +1 dagger of holy wrath
 v - a +2 quarterstaff of chaos
Missiles
 i - 467 stones (quivered)
Armour
 c - a +0 cloak
 n - a +0 helmet (worn)
 o - a +1 pair of gloves (worn)
 w - a +0 cloak of invisibility (worn)
 z - a +2 buckler (worn)
Jewellery
 a - an uncursed ring of magical power
 d - an amulet of regeneration (around neck)
 q - an uncursed amulet of faith
 s - a cursed +1 ring of evasion (right hand)
 y - a cursed -3 ring of intelligence (left hand)
 B - a +4 ring of intelligence
Wands
 t - a wand of polymorph (10)
 C - a wand of paralysis (6)
Scrolls
 p - a scroll of immolation
 u - 2 scrolls of identify
Potions
 b - 2 potions of magic
 f - 4 potions of flight
 g - 2 potions of brilliance
 h - 3 potions of haste
 j - 5 potions of heal wounds
 l - 2 potions of lignification
 r - 3 potions of resistance
 x - 3 potions of invisibility {unknown}
 A - 3 potions of curing {unknown}
 D - a potion of might {unknown}
Comestibles
 e - 12 rations {!d}


   Skills:
 + Level 0.1 Fighting
 + Level 4.8 Dodging
 + Level 3.2 Stealth
 + Level 3.2 Shields
 + Level 12.2 Spellcasting
 + Level 11.0 Conjurations
 + Level 6.5 Earth Magic


You had 26 spell levels left.
You knew the following spells:

 Your Spells              Type           Power        Failure   Level  Hunger
a - Magic Dart            Conj           ####         1%          1    None
b - Searing Ray           Conj           ######..     1%          2    None
c - Iskenderun's Mystic   Conj           ######..     1%          3    None
d - Sandblast             Erth           #####.       1%          1    None

Your spell library contained the following spells:

 Spells                   Type           Power        Failure   Level  Hunger
 Sting                    Conj/Pois      ####         1%          1    None
 Apportation              Tloc           ##....       8%          1    None
 Infusion                 Chrm           ##......     8%          1    None
 Slow                     Hex            ##......     8%          1    None
 Summon Butterflies       Summ           ##......     8%          1    None
 Fulminant Prism          Conj/Hex       ####......   8%          4    None
 Poisonous Vapours        Pois/Air       ##....       11%         2    None
 Irradiate                Conj/Tmut      ####......   21%         5    None
 Venom Bolt               Conj/Pois      ####......   21%         5    None
 Ignite Poison            Fire/Tmut/Pois ##......     22%         3    None
 Olgreb's Toxic Radiance  Pois           ##......     58%         4    None
 Summon Scorpions         Summ/Pois      ##......     58%         4    None


Dungeon Overview and Level Annotations

Branches:
Dungeon (7/12)             Temple (0/1) D:7
   Lair: D:7-9

Altars:
Hepliaklqana
Kikubaaqudgha
Uskayaw
Xom
Yredelemnul

Shops:
D:5 !


Innate Abilities, Weirdness & Mutations

Your spells do not cause hunger and MP costs are reduced by 1.
Your bright wings attract enemies. (Stealth-)
You cannot fit into any form of body armour.
Your shimmering scales are hard and can block incoming attacks. (AC +6, SH +6)
You are small and have problems with some larger weapons.
You can fly continuously.


Message History

The orc warrior hits you from afar with a +0 spear!!
Ouch! That really hurt!
* * * LOW HITPOINT WARNING * * *
You block the orc knight's attack. You block the orc warrior's attack.
Casting: Iskenderun's Mystic Blast (safe; 1% risk of failure)
Confirm with . or Enter, or press ? or * to list all spells.
Aiming: Searing Ray (safe; 1% risk of failure)
Press: ? - help, Shift-Dir - straight line, f/p - orc warrior
Aim: an orc warrior, wielding a +0 trident and wearing a +0 plate armour (moderately wounded, unusually strong)
The searing ray hits the orc warrior but does no damage.
The orc warrior is moderately wounded. (Press . to maintain the ray.)
The orc knight roars a battlecry!
The orc knight goes into a battle-frenzy!
An orc warrior comes into view. It is wielding a +0 trident.
The searing ray hits the orc warrior.
The orc warrior is heavily wounded.
The orc warrior hits you from afar with a cursed +0 trident!!
You die... #.......# #).oo...# ..)....# .o)..# ##o''## #.....# #oooo.#

#.....#
#.@...#
#.....#
##'''##
##.....##
#.......#
#..).)..#
#.......#
#.......#
#...)...#


You could see 2 orc knights, 4 orc warriors and 2 orcs.

Vanquished Creatures
  Pikel (D:5)
  2 centaur skeletons
  A troll (D:7)
  A hippogriff (D:6)
  Sigmund (D:5)
  Eustachio (D:5)
  A hungry ghost (D:5)
  8 orc warriors (Bailey)
  3 ice beasts
  2 sky beasts
  4 ogres
  4 centaurs
  3 phantoms
  2 bullfrogs
  A scorpion (D:6)
  3 killer bees (D:7)
  2 crimson imps
  2 hounds
  2 orc priests
  4 jellies
  Crazy Yiuf (D:5)
  7 orc wizards
  2 gnoll shamans (D:4)
  An iguana (D:6)
  5 worker ants
  A hound zombie (D:7)
  A hound skeleton (D:7)
  A howler monkey zombie (D:6)
  Robin (D:2)
  16 gnolls
  12 adders
  3 shadow imps
  An ooze (D:1)
  4 worms
  A dart slug (D:5)
  8 leopard geckos
  49 orcs
  6 bats
  3 giant cockroaches
  10 goblins (D:2)
  13 hobgoblins
  7 jackals
  4 quokkas
  A ball python (D:3)
  3 frilled lizards (D:1)
  5 kobolds
  3 rats
217 creatures vanquished.

Vanquished Creatures (others)
  A howler monkey (D:5)
1 creature vanquished.

Grand Total: 218 creatures vanquished

Notes
Turn   | Place    | Note
-------+----------+-------------------------------------------
     0 | D:1      | funkygono the Fairy Conjurer began the quest for the Orb.
     0 | D:1      | Reached XP level 1. HP: 11/11 MP: 6/6
    61 | D:1      | Reached skill level 5 in Conjurations
   136 | D:1      | Reached XP level 2. HP: 3/17 MP: 7/7
   140 | D:1      | Learned a level 2 spell: Searing Ray
   432 | D:1      | Reached skill level 3 in Spellcasting
   577 | D:1      | Reached XP level 3. HP: 21/21 MP: 7/9
  1150 | D:2      | Reached XP level 4. HP: 27/27 MP: 11/11
  1337 | D:2      | Learned a level 3 spell: Iskenderun's Mystic Blast
  1339 | D:2      | Learned a level 1 spell: Sandblast
  1470 | D:2      | Noticed Robin
  1478 | D:2      | Killed Robin
  1478 | D:2      | Reached skill level 4 in Spellcasting
  1481 | D:2      | Reached XP level 5. HP: 28/31 MP: 11/13
  1569 | D:2      | Reached skill level 1 in Earth Magic
  1956 | D:3      | Noticed a sky beast
  1969 | D:3      | Killed a sky beast
  1969 | D:3      | Reached skill level 5 in Spellcasting
  1969 | D:3      | Reached XP level 6. HP: 18/36 MP: 14/15
  2168 | D:3      | Found a basalt altar of Yredelemnul.
  2734 | D:3      | Found a faded altar of an unknown god.
  2830 | D:3      | Reached skill level 6 in Spellcasting
  2979 | D:4      | Reached XP level 7. HP: 30/41 MP: 18/18
  3626 | D:4      | Reached skill level 7 in Spellcasting
  3816 | D:5      | Entered Level 5 of the Dungeon
  3838 | D:5      | Noticed Eustachio
  3843 | D:5      | Noticed Sigmund
  3846 | D:5      | Killed Eustachio
  3846 | D:5      | Reached skill level 5 in Earth Magic
  3846 | D:5      | Reached XP level 8. HP: 46/46 MP: 15/21
  3917 | D:5      | Killed Sigmund
  3917 | D:5      | Reached skill level 8 in Spellcasting
  4177 | D:5      | Noticed Pikel
  4188 | D:5      | Killed Pikel
  4188 | D:5      | Reached skill level 9 in Spellcasting
  4188 | D:5      | Reached XP level 9. HP: 44/51 MP: 24/24
  4232 | D:5      | Found a runed door.
  4236 | D:5      | Noticed Crazy Yiuf
  4240 | D:5      | Killed Crazy Yiuf
  4316 | D:5      | Found Piriagi's Distillery.
  4672 | D:5      | Reached skill level 10 in Spellcasting
  5112 | D:6      | Reached skill level 1 in Shields
  5112 | D:6      | Reached skill level 11 in Spellcasting
  5476 | D:6      | Reached skill level 10 in Conjurations
  5476 | D:6      | Reached XP level 10. HP: 56/56 MP: 18/27
  5850 | D:7      | Found a shimmering altar of Xom.
  5851 | D:7      | Found a hazy altar of Hepliaklqana.
  5851 | D:7      | Noticed a spectral ugly thing
  5852 | D:7      | Noticed a spectral ugly thing
  5852 | D:7      | Noticed a spectral ugly thing
  5960 | D:7      | Noticed a +0 hand axe
  5963 | D:7      | Noticed a +0 dagger
  5967 | D:7      | Found a hide-covered altar of Uskayaw.
  6109 | D:7      | Found an ancient bone altar of Kikubaaqudgha.
  6159 | D:7      | Found a staircase to the Ecumenical Temple.
  6249 | D:7      | Found a flagged portal.
  6259 | Bailey   | Entered a bailey
  6415 | Bailey   | Reached skill level 12 in Spellcasting
  6670 | Bailey   | Noticed an orc knight
  6679 | Bailey   | Noticed an orc knight
  6684 | Bailey   | Mangled by an orc warrior

Skill      XL: |  1  2  3  4  5  6  7  8  9 10 |
---------------+-------------------------------+-----
Conjurations   | 5 6 7 9 10 11 | 11.0
Spellcasting   | 3 4 5 6 7 9 11 12 | 12.2
Dodging        | 3 4 |  4.8
Earth Magic    | 1 2 5 6 |  6.5
Stealth        | 2 3 |  3.2
Shields        | 1 3 |  3.2
Fighting       | |  0.1

Action                   |  1- 3 |  4- 6 |  7- 9 | 10-12 || total
-------------------------+-------+-------+-------+-------++-------
 Cast: Magic Dart        |    60 |    81 |    78 |    63 ||   282
       Searing Ray       |     2 |     8 |    13 |    12 ||    35
       Sandblast         |       |    29 |     3 |       ||    32
       Iskenderun's Myst |       |    10 |    83 |    44 ||   137
  Use: Scroll            |     4 |     3 |     3 |     2 ||    12
  Eat: Chunk             |     1 |     2 |     4 |       ||     7
       Ration            |       |     1 |     1 |     1 ||     3
Armor: Skin              |     2 |     4 |    11 |     6 ||    23
Dodge: Dodged            |     5 |    18 |    22 |    31 ||    76
Block: Other             |     3 |     5 |    10 |       ||    18
       Buckler           |       |       |    17 |    45 ||    62
